[ PARTIDA AOE2 · #485426659 ]
UnrankedMaya vs Lithuanians
Equipo del jugador · VICT
Equipo rival · DERR
[ ANÁLISIS DE REPETICIÓN · EXTRAÍDO DE LA PARTIDA GRABADA ]
Feudal
11:47
Castillos
—
Imperial
—
| APM promedio | 44.4 |
| APM pico | 107 |
| eAPM promedio | 17.8 |
| Aldeanos / militares | 41 / 32 |
Foco
⚔️ 48.3% · 🌾 51.7%
Archer ×27 · Militia ×3 · Spearman ×2
Feudal
8:56
Castillos
—
Imperial
—
| APM promedio | 35.3 |
| APM pico | 61 |
| eAPM promedio | 13.9 |
| Aldeanos / militares | 33 / 11 |
Foco
⚔️ 27.6% · 🌾 72.4%
Skirmisher ×4 · Scout Cavalry ×4 · Archer ×3
Mapa de la partida
Recursos iniciales + cada clic de construcción. Líneas = muros · curvas = relieve. ◆ oro · ⬟ piedra · ● bayas · ✦ reliquia · ◌ hueco del cierre
Tu base· Abierta — flanco sin cerrar
Base de leonardoandrade534312· Abierta — flanco sin cerrar
Terreno inicial suavizado · ◌ = hueco del cierre detectado · pasá el cursor para detalles
Inputs por minuto
— DS_Gitano Urbano - - leonardoandrade534312
Build order — DS_Gitano Urbano
111 acciones detectadas en el replay
| 0:01 | Crear | Villager (Male) ×3 |
| 0:03 | Construir | House |
| 0:04 | Construir | House |
| 0:07 | Investigar | Loom |
| 0:18 | Crear | Villager (Male) |
| 0:18 | Crear | Villager (Male) |
| 0:18 | Crear | Villager (Male) |
| 1:29 | Crear | Villager (Male) |
| 2:08 | Crear | Villager (Male) |
| 2:16 | Construir | Lumber Camp |
| 2:40 | Crear | Villager (Male) |
| 2:40 | Crear | Villager (Male) |
| 3:25 | Crear | Villager (Male) |
| 3:26 | Crear | Villager (Male) |
| 3:26 | Crear | Villager (Male) |
| 4:08 | Crear | Villager (Male) |
| 4:15 | Construir | House |
| 4:17 | Construir | House |
| 4:39 | Crear | Villager (Male) |
| 5:01 | Crear | Villager (Male) |
| 5:14 | Construir | Barracks |
| 5:18 | Crear | Villager (Male) |
| 5:44 | Crear | Villager (Male) |
| 5:45 | Crear | Villager (Male) |
| 6:06 | Crear | Villager (Male) |
| 6:13 | Crear | Villager (Male) |
| 6:45 | Crear | Villager (Male) |
| 6:46 | Crear | Militia |
| 6:47 | Crear | Militia |
| 6:48 | Crear | Militia |
| 6:55 | Construir | House |
| 7:28 | Construir | Mining Camp |
| 8:08 | Crear | Villager (Male) |
| 8:23 | Construir | Mill |
| 8:26 | Construir | Mill |
| 8:31 | Crear | Villager (Male) |
| 8:34 | Construir | House |
| 9:12 | Crear | Villager (Male) |
| 9:18 | Crear | Villager (Male) |
| 9:30 | Investigar | Feudal Age |
| 10:08 | Crear | Villager (Male) |
| 10:09 | Crear | Villager (Male) |
| 11:47 | Edad | Edad Feudal |
| 11:51 | Construir | Archery Range |
| 11:54 | Construir | Archery Range |
| 11:59 | Construir | Blacksmith |
| 12:10 | Investigar | Double-Bit Axe |
| 12:17 | Construir | House |
| 12:24 | Investigar | Town Watch |
| 12:37 | Crear | Villager (Male) |
| 12:44 | Crear | Archer |
| 12:46 | Investigar | Fletching |
| 12:51 | Investigar | Forging |
| 12:52 | Crear | Archer |
| 12:53 | Crear | Archer |
| 12:53 | Crear | Archer |
| 12:55 | Construir | House |
| 12:58 | Crear | Spearman |
| 13:17 | Crear | Villager (Male) |
| 13:35 | Crear | Archer |
| 13:36 | Crear | Archer |
| 13:37 | Crear | Villager (Male) |
| 13:47 | Construir | Mining Camp |
| 13:53 | Crear | Archer |
| 14:06 | Construir | Watch Tower |
| 14:09 | Crear | Archer |
| 14:10 | Crear | Archer |
| 14:29 | Crear | Spearman |
| 14:38 | Crear | Archer |
| 14:38 | Crear | Archer |
| 14:45 | Crear | Villager (Male) |
| 14:58 | Crear | Archer |
| 14:58 | Crear | Archer |
| 14:59 | Crear | Villager (Male) |
| 15:34 | Crear | Villager (Male) |
| 15:53 | Crear | Villager (Male) |
| 16:09 | Construir | Watch Tower |
| 16:17 | Crear | Villager (Male) |
| 16:25 | Construir | Farm |
| 16:27 | Construir | House |
| 16:28 | Crear | Archer |
| 16:28 | Crear | Archer |
| 16:29 | Crear | Archer |
| 16:29 | Crear | Archer |
| 16:34 | Construir | House |
| 17:09 | Crear | Villager (Male) |
| 17:12 | Crear | Villager (Male) |
| 17:13 | Crear | Archer |
| 17:21 | Crear | Villager (Male) |
| 17:24 | Crear | Archer |
| 17:24 | Crear | Archer |
| 17:29 | Construir | House |
| 17:39 | Crear | Archer |
| 17:39 | Crear | Archer |
| 17:57 | Crear | Archer |
| 18:01 | Crear | Villager (Male) |
| 18:05 | Construir | Farm |
| 18:06 | Construir | Farm |
| 18:06 | Construir | Farm |
| 18:06 | Construir | Farm |
| 18:07 | Construir | Farm |
| 18:08 | Construir | Farm |
| 18:12 | Construir | Farm |
| 18:12 | Construir | Farm |
| 18:12 | Construir | Farm |
| 18:37 | Crear | Archer |
| 18:37 | Crear | Archer |
| 18:45 | Crear | Archer |
| 18:46 | Crear | Archer |
| 19:14 | Construir | House |
| 19:29 | Crear | Villager (Male) |
Build order — leonardoandrade534312
74 acciones detectadas en el replay
| 0:01 | Crear | Villager (Male) ×5 |
| 0:02 | Construir | House |
| 0:04 | Construir | House |
| 0:59 | Crear | Villager (Male) |
| 1:34 | Crear | Villager (Male) |
| 1:48 | Construir | Lumber Camp |
| 2:06 | Crear | Villager (Male) |
| 2:25 | Crear | Villager (Male) |
| 3:13 | Crear | Villager (Male) |
| 3:23 | Crear | Villager (Male) |
| 3:25 | Construir | House |
| 3:50 | Crear | Villager (Male) |
| 3:59 | Construir | Mill |
| 4:34 | Crear | Villager (Male) |
| 5:17 | Crear | Villager (Male) |
| 5:49 | Crear | Villager (Male) |
| 6:00 | Investigar | Loom |
| 6:46 | Investigar | Feudal Age |
| 6:59 | Construir | House |
| 7:01 | Construir | Barracks |
| 7:06 | Construir | Palisade Wall |
| 7:30 | Construir | House |
| 8:55 | Construir | House |
| 8:56 | Edad | Edad Feudal |
| 9:10 | Construir | Archery Range |
| 9:17 | Crear | Villager (Male) |
| 9:18 | Crear | Villager (Male) |
| 9:42 | Construir | Mining Camp |
| 9:49 | Crear | Archer |
| 9:53 | Crear | Villager (Male) |
| 10:28 | Crear | Villager (Male) |
| 10:53 | Crear | Villager (Male) |
| 10:55 | Construir | Stable |
| 10:58 | Construir | Palisade Wall |
| 11:42 | Crear | Villager (Male) |
| 12:05 | Construir | Palisade Wall |
| 12:10 | Crear | Villager (Male) |
| 12:14 | Investigar | Double-Bit Axe |
| 12:15 | Investigar | Horse Collar |
| 12:19 | Construir | Farm |
| 12:27 | Crear | Scout Cavalry |
| 12:28 | Crear | Scout Cavalry |
| 12:34 | Crear | Villager (Male) |
| 12:36 | Construir | Farm |
| 12:39 | Construir | Farm |
| 12:53 | Crear | Scout Cavalry |
| 13:08 | Construir | House |
| 13:22 | Construir | Blacksmith |
| 13:27 | Crear | Villager (Male) |
| 13:31 | Construir | House |
| 13:40 | Crear | Skirmisher |
| 13:46 | Construir | House |
| 13:50 | Crear | Villager (Male) |
| 13:52 | Construir | Farm |
| 14:03 | Crear | Villager (Male) |
| 14:27 | Crear | Skirmisher |
| 14:28 | Crear | Villager (Male) |
| 14:36 | Crear | Skirmisher |
| 14:49 | Construir | Watch Tower |
| 14:54 | Crear | Villager (Male) |
| 15:47 | Crear | Villager (Male) |
| 16:00 | Construir | Lumber Camp |
| 16:19 | Crear | Villager (Male) |
| 16:37 | Crear | Villager (Male) |
| 16:49 | Crear | Scout Cavalry |
| 17:07 | Crear | Villager (Male) |
| 17:11 | Construir | Farm |
| 17:20 | Crear | Skirmisher |
| 17:31 | Construir | Farm |
| 18:07 | Construir | Palisade Gate |
| 18:09 | Construir | House |
| 18:12 | Crear | Villager (Male) |
| 18:51 | Crear | Archer |
| 18:52 | Crear | Archer |
Cronología de la partida
| 5:14 | DS_Gitano Urbano · first_building Barracks |
| 7:01 | leonardoandrade534312 · first_building Barracks |
| 7:06 | leonardoandrade534312 · wall_segment Palisade Wall x9 |
| 8:56 | leonardoandrade534312 · age_up feudal |
| 9:10 | leonardoandrade534312 · first_building Archery Range |
| 10:55 | leonardoandrade534312 · first_building Stable |
| 10:58 | leonardoandrade534312 · wall_segment Palisade Wall x1 |
| 11:47 | DS_Gitano Urbano · age_up feudal |
| 11:51 | DS_Gitano Urbano · first_building Archery Range |
| 12:05 | leonardoandrade534312 · wall_segment Palisade Wall x1 |
| 19:56 | leonardoandrade534312 · resign |
[ ANÁLISIS IA · 1 CRÉDITO ]
¿Qué pasó realmente en esta partida?
Wolo.gg analiza cada decisión: build order, eco, micro, errores típicos por bracket. Análisis personalizado por WhatsApp o Discord en 30 segundos.
Guía civ
Maya
Perfil
Jugador #352739